 Dungeon Crawl Stone Soup version 0.20.1-1-g8b1a95d (webtiles) character file.

184 ringo67 the Firebug (level 5, -1/28 HPs)
             Began as a Deep Elf Fire Elementalist on Dec 24, 2017.
             Slain by an ice beast (7 damage)
             ... on level 4 of the Dungeon.
             The game lasted 00:06:50 (2390 turns).

ringo67 the Firebug (Deep Elf Fire Elementalist)    Turns: 2390, Time: 00:06:50

Health: -1/28      AC:  2    Str:  5    XL:     5   Next: 36%
Magic:  8/14       EV: 13    Int: 23    God:
Gold:   173        SH:  0    Dex: 18    Spells: 9/13 levels left

rFire    . . .     SeeInvis .   q - +0 short sword
rCold    . . .     Gourm    .   (no shield)
rNeg     . . .     Faith    .   a - +0 robe
rPois    .         Spirit   .   (no helmet)
rElec    .         Reflect  .   (no cloak)
rCorr    .         Harm     .   (no gloves)
MR       .....                  (no boots)
Stlth    ++........             (no amulet)
Regen    0.1/turn               h - +3 ring of dexterity
MPRegen  0.2/turn               m - +2 ring of intelligence

@: no status effects
A: no striking features
a: no special abilities


You were on level 4 of the Dungeon.
You were not hungry.

You visited 1 branch of the dungeon, and saw 4 of its levels.

You collected 173 gold pieces.

Inventory:

Hand Weapons
 q - a +0 short sword (weapon)
Armour
 a - a +0 robe (worn)
Jewellery
 h - a +3 ring of dexterity (left hand)
 m - a +2 ring of intelligence (right hand)
Scrolls
 k - 2 scrolls of enchant armour {unknown}
 l - a scroll of teleportation {unknown}
 n - 4 scrolls of enchant weapon {unknown}
 o - a scroll of recharging {unknown}
 r - a scroll of immolation {unknown}
 t - a scroll of magic mapping {unknown}
Potions
 e - a potion of haste {unknown}
 g - 2 potions of degeneration {unknown}
 j - a potion of ambrosia {unknown}
 p - a potion of invisibility {unknown}
 s - a potion of agility {unknown}
 u - a potion of curing {unknown}
Books
 b - a book of Flames

   Spells                             Type                      Level
   a - Flame Tongue                   Conjuration/Fire             1
   b - Throw Flame                    Conjuration/Fire             2
   c - Conjure Flame                  Conjuration/Fire             3
   d - Inner Flame                    Hexes/Fire                   3
   e - Sticky Flame                   Conjuration/Fire             4
   f - Fireball                       Conjuration/Fire             5
Comestibles
 c - a bread ration
 d - a royal jelly
 f - 11 chunks of flesh
 i - a meat ration


   Skills:
 - Level 2.4 Dodging
 - Level 2.4 Stealth
 - Level 4.6 Spellcasting
 + Level 3.3 Conjurations
 + Level 5.0 Fire Magic


You had 9 spell levels left.
You knew the following spells:

 Your Spells              Type           Power        Failure   Level  Hunger
a - Flame Tongue          Conj/Fire      ###..        1%          1    None
b - Conjure Flame         Conj/Fire      ###.....     5%          3    ##.....


Dungeon Overview and Level Annotations

Branches:
Dungeon (4/15)
 Temple: D:4-7

Altars:
Kikubaaqudgha
Ru


Message History

The flame tongue hits the ice beast.
The ice beast melts!
The ice beast is heavily wounded.
The ice beast hits you. The ice beast freezes you.
Casting: Flame Tongue
Confirm with . or Enter, or press ? or * to list all spells.
Aiming: Flame Tongue
Press: ? - help, Shift-Dir - straight line, f/p - ice beast
Aim: an ice beast (heavily wounded)
The flame tongue hits the ice beast.
The ice beast appears unharmed.
The ice beast is heavily wounded.
The ice beast hits you. The ice beast freezes you!
Casting: Flame Tongue
Confirm with . or Enter, or press ? or * to list all spells.
Aiming: Flame Tongue
Press: ? - help, Shift-Dir - straight line, f/p - ice beast
Aim: an ice beast (heavily wounded)
The flame tongue misses the ice beast.
The ice beast hits you.
* * * LOW HITPOINT WARNING * * *
The ice beast freezes you!
You die...

.+ ≈###≈ #≈§≈§≈
###......
###......#
###.......#
###........#.#
.###......Y.....#
#........@###.###
.........##
.......<.#
≈........#
≈P♣...##... ≈
♣≈.# ###... ♣≈#
.8... ≈≈♣ ....
≈≈≈ ##.#


You could see an ice beast.

Vanquished Creatures
  Jessica (D:2)
  A worker ant (D:3)
  3 gnolls (D:3)
  3 adders
  A worm (D:3)
  2 dart slugs
  A leopard gecko (D:1)
  6 orcs (D:3)
  2 bat zombies (D:3)
  4 giant cockroaches
  14 hobgoblins
  3 kobolds
  A quokka (D:3)
  4 bats
  4 frilled lizards
  11 goblins
  A leopard gecko skeleton (D:4)
  2 rats
64 creatures vanquished.

Notes
Turn   | Place    | Note
-------+----------+-------------------------------------------
     0 | D:1      | ringo67 the Deep Elf Fire Elementalist began the quest for the Orb.
     0 | D:1      | Reached XP level 1. HP: 10/10 MP: 6/6
   303 | D:1      | Reached XP level 2. HP: 15/15 MP: 6/8
   825 | D:2      | Reached XP level 3. HP: 19/19 MP: 6/10
   933 | D:2      | Noticed Jessica
   936 | D:2      | Killed Jessica
   936 | D:2      | Reached skill level 4 in Fire Magic
  1007 | D:2      | Reached XP level 4. HP: 17/24 MP: 2/12
  1790 | D:3      | Found an ancient bone altar of Kikubaaqudgha.
  1963 | D:3      | Found a sacrificial altar of Ru.
  1964 | D:3      | Reached XP level 5. HP: 28/28 MP: 10/14
  2346 | D:3      | Learned a level 3 spell: Conjure Flame
  2348 | D:3      | Reached skill level 5 in Fire Magic
  2375 | D:4      | Noticed an ice beast
  2390 | D:4      | Slain by an ice beast

Skill      XL: |  1  2  3  4  5 |
---------------+----------------+-----
Conjurations   | 2 3 |  3.3
Spellcasting   | 4 |  4.6
Fire Magic     | 4 5 |  5.0
Dodging        | |  2.4
Stealth        | |  2.4

Action                   |  1- 3 |  4- 6 || total
-------------------------+-------+-------++-------
Melee: Unarmed           |     1 |     2 ||     3
 Cast: Flame Tongue      |    49 |    93 ||   142
  Eat: Chunk             |       |     4 ||     4
Armor: Robe              |     4 |     5 ||     9
Dodge: Dodged            |    13 |    20 ||    33
